 Dungeon Crawl Stone Soup version 0.29-a0-837-g174bc33265 (webtiles) character file.

Game seed: 15721871598474444682

25 PentaManta the Ruffian (level 2, 29/29 HPs)
             Began as a Troll Abyssal Knight on July 13, 2022.
             Was a Believer of Lugonu.
             Quit the game on level 2 of the Dungeon.
             The game lasted 00:01:12 (790 turns).

PentaManta the Ruffian (Troll Abyssal Knight)        Turns: 790, Time: 00:01:13

Health: 29/29      AC:  4    Str: 20    XL:     2   Next: 86%
Magic:  2/2        EV: 10    Int:  6    God:    Lugonu [**....]
Gold:   84         SH:  0    Dex: 10    Spells: 1/1 levels left

rFire   . . .      SeeInvis .     - Unarmed
rCold   . . .      Faith    .   (no shield)
rNeg    . . .      Spirit   .   a - +0 robe
rPois   .          Reflect  .   (helmet restricted)
rElec   .          Harm     .   (no cloak)
rCorr   .          Rampage  .   (gloves unavailable)
Will    .....                   (boots unavailable)
Stlth   +.........              (no amulet)
HPRegen 0.89/turn               (no ring)
MPRegen 0.08/turn               (no ring)

@: no status effects
A: large, unfitting armour, claws 3, regeneration 1, shaggy fur 1, tough skin 1
a: Renounce Religion, Depart the Abyss, Bend Space


You were on level 2 of the Dungeon.
You worshipped Lugonu.
Lugonu was pleased with you.
You visited 1 branch of the dungeon, and saw 2 of its levels.
You visited the Abyss 1 time.

You collected 84 gold pieces.

Inventory:

Armour
 a - a +0 robe (worn)
 c - a +0 tower shield
Scrolls
 b - 2 scrolls of blinking {unknown}
 d - a scroll of teleportation {unknown}
 e - a scroll of immolation {unknown}
 f - a scroll of identify {unknown}
 g - a scroll of poison {unknown}


   Skills:
 - Level 2.4 Fighting
 - Level 1.9 Dodging
 + Level 3.4 Unarmed Combat
 - Level 1.5 Invocations


You had one spell level left.
You didn't know any spells.
Your spell library contained the following spells:

 Spells                   Type           Power      Damage    Failure   Level
 Portal Projectile        Hex/Tloc       0%         N/A       83%         3
 Tukima's Dance           Hex            0%         N/A       83%         3
 Blade Hands              Tmut           0%         N/A       100%        5


Dungeon Overview and Level Annotations

Branches:
Dungeon (2/15)

Altars:


Innate Abilities, Weirdness & Mutations

You are too large for most types of armour.
You have claws for hands.
Your natural rate of healing is unusually fast.
You are covered in fur. (AC +1)
You have tough skin. (AC +1)


Message History

You scratch the giant cockroach.
The giant cockroach is heavily wounded.
The giant cockroach barely misses you.
You claw the giant cockroach!
You kill the giant cockroach!
Lugonu accepts your kill. The giant cockroach closely misses you.
You closely miss the giant cockroach. The giant cockroach barely misses you.
You scratch the giant cockroach but do no damage.
The giant cockroach barely misses you.
You scratch the giant cockroach.
The giant cockroach is heavily wounded.
The giant cockroach misses you.
You claw the giant cockroach!
You kill the giant cockroach!
Lugonu accepts your kill.
b - 2 scrolls labelled PORHAA LUIFRE (gained 1)
You now have 77 gold pieces (gained 5).
Found a stone staircase leading down.
f - a scroll labelled MIFIURPHIJ WIUT You now have 84 gold pieces (gained 7).
Found a stone staircase leading up.
g - a scroll labelled PAYXING ROESUM A quokka comes into view.
A quokka is nearby!
A quokka is nearby!
The quokka twitches its whiskers.
The quokka bites you but does no damage.
You scratch the quokka.
The quokka is heavily wounded.
The quokka closely misses you.
The quokka bites you but does no damage.
You closely miss the quokka.
The quokka is moderately wounded.
The quokka closely misses you.
You scratch the quokka.
You kill the quokka!
Lugonu accepts your kill.
No target in view!
Are you sure you want to abandon this character and quit the game? (Confirm with "yes".)

#≈≈#.#####.#.###...# #.##
##≈≈#.......### ###.##....
##.≈≈..#####.#####....#....
##≈.≈≈.###.##...............
#...≈≈..##.##.#######..#....
#≈≈.≈≈≈.##.#### #..#....
#...≈≈..##...# #.......
#...≈≈.....#.# #..#...#
#≈..≈≈..##.@.# #..#####
#≈..≈≈..##......... ...<
#≈≈.≈≈..##...###### ..#
#..≈≈≈..##.....
#...≈≈.≈##.#.###
#≈..≈≈..##.#.#
##...≈.###.#.. ......


There were no monsters in sight!

Vanquished Creatures
  2 dart slugs (D:1)
  A ball python (D:1)
  An endoplasm (D:1)
  2 giant cockroaches (D:2)
  2 goblins (D:1)
  A hobgoblin (D:1)
  5 kobolds
  A quokka (D:2)
  2 bats
  3 frilled lizards (D:1)
20 creatures vanquished.

Notes
Turn   | Place    | Note
-------+----------+-------------------------------------------
     0 | Abyss:1  | PentaManta the Troll Abyssal Knight began the quest for the
                  | Orb.
     0 | Abyss:1  | Reached XP level 1. HP: 22/22 MP: 1/1
     0 | Abyss:1  | Found a corrupted altar of Lugonu.
    24 | D:1      | Escaped the Abyss
    27 | D:1      | Noticed a human
    27 | D:1      | Noticed an elf
    31 | D:1      | Noticed a vine stalker
    33 | D:1      | Noticed a formicid
    33 | D:1      | Noticed a vampire
    35 | D:1      | Noticed a demonspawn
    37 | D:1      | Noticed a ghoul
    37 | D:1      | Noticed an ogre
    39 | D:1      | Noticed a gargoyle
    39 | D:1      | Noticed a tengu
    41 | D:1      | Noticed a troll
    41 | D:1      | Noticed an octopode
    43 | D:1      | Noticed a felid
    43 | D:1      | Noticed a minotaur
    45 | D:1      | Noticed a dwarf
    45 | D:1      | Noticed a demigod
    47 | D:1      | Noticed a naga
    47 | D:1      | Noticed a draconian
    49 | D:1      | Noticed a spriggan
    51 | D:1      | Noticed a merfolk
   216 | D:1      | Reached XP level 2. HP: 24/29 MP: 2/2
   261 | D:1      | Reached skill level 3 in Unarmed Combat
   790 | D:2      | Quit the game

Illustrated notes

Levels and vault maps discovered:
D:1:      kb_arrival_jail, layout_basic
D:2:      layout_loops_ring, ebering_ecumenical_altar_petrified,
          grunt_decor_fettered, nicolae_kite_square_tiling_tiny,
          chequers_serial_rivers_small_3, minmay_between

Skill      XL: |  1  2 |
---------------+-------+-----
Unarmed Combat | 3 |  3.4
Fighting       | |  2.4
Dodging        | |  1.9
Invocations    | |  1.5

Action                   || total
-------------------------++-------
Melee: Unarmed           ||    45
Armor: Robe              ||    13
Dodge: Dodged            ||    21

Table legend: (Time is in decaauts)
 A = Elapsed time spent in this place.
 B = Non-inter-level travel time spent in this place.
 C = Inter-level travel time spent in this place.
 D = Time resting spent in this place.
 E = Time spent auto-exploring this place.
 F = Levels seen in this place.
 G = Mean time per level.
                   A        B        C        D        E       F      G
               +--------+--------+--------+--------+--------+-----+--------+
         Total |    786 |    765 |     21 |      0 |    628 |   3 |  262.0 |
       Dungeon |    762 |    741 |     21 |      0 |    628 |   2 |  381.0 |
         Abyss |     24 |     24 |      0 |      0 |      0 |   1 |   24.0 |
               +--------+--------+--------+--------+--------+-----+--------+

Top non-repeatable levels by time:
     D:1: 680 daAuts
     D:2: 82 daAuts
 Abyss:1: 24 daAuts
